 Dungeon Crawl Stone Soup version 0.20.1-1-g8b1a95d (webtiles) character file.

1151 Glalom the Sneak (level 8, -2/41 HPs)
             Began as a Kobold Enchanter on Nov 5, 2017.
             Was an Initiate of Okawaru.
             Slain by a sky beast (5 damage)
             ... on level 7 of the Dungeon.
             The game lasted 00:20:54 (7443 turns).

Glalom the Sneak (Kobold Enchanter)                 Turns: 7443, Time: 00:20:54

Health: -2/41      AC: 10    Str:  6    XL:     8   Next: 65%
Magic:  11/11      EV: 14    Int: 18    God:    Okawaru [......]
Gold:   340        SH:  0    Dex: 15    Spells: 7/11 levels left

rFire    . . .     SeeInvis .   a - +1 dagger
rCold    . . .     Gourm    .   (shield restricted)
rNeg     . . .     Faith    .   l - +3 leather armour
rPois    .         Spirit   .   (no helmet)
rElec    .         Reflect  .   i - +0 cloak
rCorr    .         Harm     .   C - +1 pair of gloves
MR       .....                  r - +0 pair of boots
Stlth    +++.......             E - amulet of regeneration
Regen    0.6/turn               (no ring)
MPRegen  0.2/turn               (no ring)

@: no status effects
A: carnivore 3
a: Renounce Religion


You were on level 7 of the Dungeon.
You worshipped Okawaru.
Okawaru was noncommittal.
You were very full.

You visited 2 branches of the dungeon, and saw 8 of its levels.

You collected 340 gold pieces.

Inventory:

Hand Weapons
 a - a +1 dagger (weapon)
 n - a +1 antimagic dagger
Armour
 b - a +0 robe
 i - a +0 cloak (worn)
 l - a +3 leather armour (worn)
 r - a +0 pair of boots (worn)
 C - a +1 pair of gloves (worn)
Jewellery
 E - an amulet of regeneration (around neck)
Wands
 t - a wand of disintegration (10/24)
 H - a wand of polymorph (8/24)
Scrolls
 e - 2 scrolls of enchant weapon {unknown}
 j - a scroll of fog {unknown}
 k - 8 scrolls of identify
 m - 5 scrolls of remove curse
 o - 4 scrolls of teleportation {unknown}
 q - 2 scrolls of magic mapping {unknown}
 s - 4 scrolls of amnesia {unknown}
 w - 2 scrolls of enchant armour {unknown}
 x - a scroll of blinking {unknown}
 z - 2 scrolls of recharging {unknown}
 F - a scroll of fear {unknown}
Potions
 f - 2 potions of mutation {unknown}
 g - 3 potions of might {unknown}
 h - a potion of flight {unknown}
 p - 2 potions of brilliance {unknown}
 u - a potion of berserk rage {unknown}
 v - 3 potions of curing {unknown}
 A - 2 potions of heal wounds {unknown}
 D - 2 potions of magic {unknown}
Books
 c - a book of Maledictions

   Spells                             Type                      Level
   a - Corona                         Hexes                        1
   b - Ensorcelled Hibernation        Hexes/Ice                    2
   c - Confuse                        Hexes                        3
   d - Tukima's Dance                 Hexes                        3
   e - Dazzling Spray                 Conjuration/Hexes            3
 y - a book of Cantrips

   Spells                             Type                      Level
   a - Confusing Touch                Hexes                        1
   b - Animate Skeleton               Necromancy                   1
   c - Summon Small Mammal            Summoning                    1
   d - Apportation                    Translocation                1
 G - a book of Geomancy

   Spells                             Type                      Level
   a - Sandblast                      Earth                        1
   b - Passwall                       Transmutation/Earth          2
   c - Stone Arrow                    Conjuration/Earth            3
   d - Petrify                        Transmutation/Earth          4
   e - Lee's Rapid Deconstruction     Earth                        5
Comestibles
 d - 3 meat rations
 B - 3 royal jellies
 I - 2 chunks of flesh


   Skills:
 + Level 0.0 Fighting
 - Level 5.0 Short Blades
 + Level 2.4 Dodging
 + Level 7.2 Stealth
 - Level 2.1 Spellcasting
 * Level 6.3 Hexes
 + Level 5.3 Ice Magic


You had 7 spell levels left.
You knew the following spells:

 Your Spells              Type           Power        Failure   Level  Hunger
a - Corona                Hex            ###....      1%          1    #......
b - Ensorcelled Hibernat  Hex/Ice        ###...       3%          2    ###....
c - Confusing Touch       Hex            ###...       1%          1    #......


Dungeon Overview and Level Annotations

Branches:
Dungeon (7/15)             Temple (1/1) D:6

Altars:
Ashenzari
Cheibriados
Dithmenos
Elyvilon
Fedhas
Hepliaklqana
Makhleb
Nemelex Xobeh
Okawaru
Qazlal
Ru
Sif Muna
Trog
Uskayaw
Xom
Yredelemnul
Zin
The Shining One

Shops:
D:6 %

Annotations:
D:5 Agrougrou's ghost, novice OgSk
D:6 Zogzag's ghost, novice HuEE


Innate Abilities, Weirdness & Mutations

You are small and have problems with some larger weapons.
You are carnivorous and can eat meat at any time.


Message History

You hit the ice beast but do no damage.
The ice beast is heavily wounded.
The sky beast hits you. The sky beast shocks you.
You hit the ice beast but do no damage.
The ice beast is heavily wounded.
The ice beast hits you. The ice beast freezes you!
* * * LOW HITPOINT WARNING * * *
The sky beast hits you.
* * * LOW HITPOINT WARNING * * *
The sky beast shocks you.
* * * LOW HITPOINT WARNING * * *
You hit the ice beast but do no damage.
The ice beast is heavily wounded.
The ice beast hits you but does no damage.
You hit the ice beast.
The ice beast is severely wounded.
The sky beast hits you.
* * * LOW HITPOINT WARNING * * *
The sky beast shocks you.
You die...

#...............#.#....#..
#.......#.#.#.###.#....#..
#.##.####.#....##......###
#.##......#....####.......
#.##...........#####.#.###
#.##.#........##.....>..#.
#.##.#..#...............#.
#.##.#.##Y######.##.#...#.
#.##.#..Y@# #...........
#.......#######........###
#.......(.....#...........
#.............#.....#.##..
#.............#.....#.....
#.............#...........
#.............#.#...#.....
#.........#####...........
#.........#########.#.....


You could see an ice beast and a sky beast.

Vanquished Creatures
  Prince Ribbit (D:5)
  An ogre (D:7)
  A centaur (D:5)
  4 bullfrogs
  A howler monkey (D:5)
  A crimson imp (D:7)
  2 hounds
  A centaur skeleton (D:5)
  A bullfrog skeleton (D:5)
  An iguana (D:5)
  3 worker ants (D:5)
  4 gnolls (D:6)
  9 adders
  3 shadow imps
  2 oozes
  2 adder zombies
  2 worms (D:2)
  A dart slug (D:2)
  3 leopard geckos
  6 orcs
  6 giant cockroaches
  7 goblins
  5 hobgoblins
  14 jackals
  2 quokkas
  9 bats
  A frilled lizard (D:4)
  10 kobolds
  A quokka zombie (D:5)
  11 rats
115 creatures vanquished.

Notes
Turn   | Place    | Note
-------+----------+-------------------------------------------
     0 | D:1      | Glalom the Kobold Enchanter began the quest for the Orb.
     0 | D:1      | Reached XP level 1. HP: 10/10 MP: 3/3
   523 | D:1      | Reached XP level 2. HP: 15/15 MP: 5/5
   713 | D:1      | Learned a level 2 spell: Ensorcelled Hibernation
   758 | D:1      | You fall through a shaft!
  1008 | D:2      | Reached XP level 3. HP: 18/19 MP: 6/6
  1585 | D:2      | Reached XP level 4. HP: 17/24 MP: 7/7
  2217 | D:3      | Reached skill level 1 in Ice Magic
  2774 | D:3      | Found a hazy altar of Hepliaklqana.
  3113 | D:3      | Found a white marble altar of Elyvilon.
  3114 | D:3      | Found a sacrificial altar of Ru.
  3114 | D:3      | Found a shattered altar of Ashenzari.
  3115 | D:3      | Found a bloodstained altar of Trog.
  3132 | D:3      | Reached XP level 5. HP: 25/28 MP: 8/8
  3499 | D:3      | Reached skill level 5 in Stealth
  3784 | D:4      | Learned a level 1 spell: Confusing Touch
  4440 | D:5      | Entered Level 5 of the Dungeon
  4452 | D:5      | Reached XP level 6. HP: 30/32 MP: 6/9
  4468 | D:5      | Found a hide-covered altar of Uskayaw.
  4492 | D:5      | Noticed Agrougrou's ghost (novice OgSk)
  4973 | D:5      | Reached skill level 5 in Short Blades
  5119 | D:5      | Reached XP level 7. HP: 24/36 MP: 10/10
  5214 | D:5      | Noticed Prince Ribbit
  5487 | D:5      | Killed Prince Ribbit
  5487 | D:5      | Reached skill level 6 in Stealth
  5487 | D:5      | Reached skill level 5 in Hexes
  5649 | D:5      | Reached XP level 8. HP: 41/41 MP: 8/11
  6056 | D:6      | Found a staircase to the Ecumenical Temple.
  6064 | Temple   | Entered the Ecumenical Temple
  6169 | Temple   | Became a worshipper of Warmaster Okawaru
  6255 | D:6      | Noticed Zogzag's ghost (novice HuEE)
  6429 | D:6      | Found Eroemehu's Food Shop.
  6959 | D:7      | Reached skill level 7 in Stealth
  6959 | D:7      | Reached skill level 5 in Ice Magic
  7443 | D:7      | Slain by a sky beast

Skill      XL: |  1  2  3  4  5  6  7  8 |
---------------+-------------------------+-----
Short Blades   | 2 3 4 5 |  5.0
Ice Magic      | 1 2 3 4 5 |  5.3
Stealth        | 5 6 7 |  7.2
Hexes          | 4 5 6 |  6.3
Dodging        | |  2.4
Spellcasting   | |  2.1

Action                   |  1- 3 |  4- 6 |  7- 9 || total
-------------------------+-------+-------+-------++-------
Melee: Dagger            |   151 |   304 |   285 ||   740
 Cast: Ensorcelled Hiber |     2 |    26 |    34 ||    62
       Confusing Touch   |       |     3 |       ||     3
  Use: Scroll            |       |     2 |       ||     2
 Stab: Sleeping          |     9 |    23 |    15 ||    47
       Distracted        |       |     1 |       ||     1
  Eat: Chunk             |    11 |    12 |    10 ||    33
Armor: Robe              |    16 |       |       ||    16
       Leather armour    |    11 |    97 |    87 ||   195
Dodge: Dodged            |   104 |   218 |   158 ||   480
